 Dungeon Crawl Stone Soup version 0.21-a0-184-g9126a74 (webtiles) character file.

10 Goblin1989 the Cudgeler (level 2, -1/24 HPs)
             Began as a Demonspawn Monk on Aug 11, 2017.
             Slain by a hobgoblin (2 damage)
             ... on level 1 of the Dungeon.
             The game lasted 00:01:04 (410 turns).

Goblin1989 the Cudgeler (Demonspawn Monk)            Turns: 410, Time: 00:01:04

Health: -1/24      AC:  2    Str: 11    XL:     2   Next: 10%
Magic:  2/2        EV: 13    Int: 11    God:
Gold:   19         SH:  0    Dex: 15    Spells: 1/1 levels left

rFire    . . .     SeeInvis .   a - +0 mace
rCold    . . .     Gourm    .   (no shield)
rNeg     . . .     Faith    .   b - +0 robe
rPois    .         Spirit   .   (no helmet)
rElec    .         Reflect  .   (no cloak)
rCorr    .         Harm     .   (no gloves)
MR       .....                  (no boots)
Stlth    ++........             (no amulet)
HPRegen  0.08/turn              (no ring)
MPRegen  0.08/turn              (no ring)

@: no status effects
A: powered by pain 1
a: no special abilities


You were on level 1 of the Dungeon.
You were not hungry.

You visited 1 branch of the dungeon, and saw 1 of its levels.

You collected 19 gold pieces.

Inventory:

Hand Weapons
 a - a +0 mace (weapon)
Missiles
 g - 20 bolts
Armour
 b - a +0 robe (worn)
Scrolls
 f - a scroll of remove curse {unknown}
 h - a scroll of amnesia {unknown}
 j - a scroll of immolation {unknown}
Potions
 k - a potion of agility {unknown}
Comestibles
 e - a bread ration {@e1}
 i - 2 chunks of flesh


   Skills:
 - Level 3.0 Fighting
 + Level 3.3 Maces & Flails
 - Level 2.6 Dodging
 - Level 1.7 Stealth


You had one spell level left.
You didn't know any spells.

Dungeon Overview and Level Annotations

Branches:
Dungeon (1/15)

Altars:


Innate Abilities, Weirdness & Mutations

You sometimes gain a little power by taking damage.


Message History

No target in view!
No target in view!
No target in view!
No target in view!
No target in view!
No target in view!
No target in view!
No target in view!
No target in view!
No target in view!
No target in view!
No target in view!
No target in view!
No target in view!
No target in view!
No target in view!
No target in view!
No target in view!
No target in view!
No target in view!
Key pressed, stopping explore.
You butcher the frilled lizard corpse.
i - a chunk of flesh Health restored: 18 You see here a dagger of flaming.
You butcher the goblin corpse.
i - 2 chunks of flesh (gained 1)
You see here a goblin skeleton. x2
j - a scroll labeled VIL EKHEO
There is a stone staircase leading down here.
k - a cyan potion
Found an escape hatch in the floor.
A hobgoblin comes into view. It is wielding a club.
A hobgoblin is nearby!
A hobgoblin comes into view. It is wielding a club.
The hobgoblin shouts!
A hobgoblin comes into view.
The hobgoblin shouts! x2
You hit the hobgoblin.
The hobgoblin is severely wounded.
The hobgoblin hits you but does no damage.
You barely miss the hobgoblin.
The hobgoblin is severely wounded.
The hobgoblin barely misses you. The hobgoblin hits you with a club.
The hobgoblin closely misses you. The hobgoblin hits you with a club.
You take 6 damage, and have 12/18 hp.
MASSIVE DAMAGE!!
You closely miss the hobgoblin.
The hobgoblin is severely wounded.
The hobgoblin hits you but does no damage.
The hobgoblin hits you with a club.
You take 1 damage, and have 11/18 hp.
You hit the hobgoblin.
You kill the hobgoblin!
You have reached level 2!
Your demonic ancestry asserts itself...
You feel energised by your suffering. The hobgoblin completely misses you.
The hobgoblin hits you with a club.
A goblin comes into view.
You regained 4 hp, and now have 15/24 hp.
MP restored: 2 You hit the hobgoblin.
The hobgoblin is heavily wounded.
You hit the hobgoblin.
The hobgoblin is almost dead.
The hobgoblin hits you. The hobgoblin misses you.
The hobgoblin completely misses you.
You take 1 damage, and have 14/24 hp.
You closely miss the hobgoblin.
The hobgoblin is almost dead.
The hobgoblin hits you with a club.
* * * LOW HITPOINT WARNING * * *
The hobgoblin hits you.
* * * LOW HITPOINT WARNING * * *
You take 9 damage, and have 5/24 hp.
MASSIVE DAMAGE!!
Unknown command.
Unknown command.
The hobgoblin hits you.
* * * LOW HITPOINT WARNING * * *
You take 4 damage, and have 1/24 hp.
You closely miss the hobgoblin.
The hobgoblin is almost dead.
The hobgoblin hits you but does no damage.
The hobgoblin barely misses you.
You thump the hobgoblin!
You kill the hobgoblin!
You hit the hobgoblin but do no damage.
The hobgoblin is heavily wounded.
The hobgoblin barely misses you. x2
You hit the hobgoblin.
The hobgoblin is almost dead.
The hobgoblin closely misses you.
You hit the hobgoblin but do no damage.
The hobgoblin is almost dead.
The hobgoblin hits you.
* * * LOW HITPOINT WARNING * * *
You take 1 damage, and have 1/24 hp.
You hit the hobgoblin but do no damage.
The hobgoblin is almost dead.
The hobgoblin hits you.
You die...

. █.█ █ █.█ ....... ███ ██.█
.....g. ..███..█ .......
......█████ .......
............ ..)....
..██████████ █████....... ..█
███████...........
█████████████...@g..██......!.
███...........████████).......
.█..█......█......>...........
.............█████████........
.███.......███ █......!$ ██
██......█ ██....... █......█
█...... █......█


██████ ████████ You could see a hobgoblin.

Vanquished Creatures
  A dart slug (D:1)
  2 goblins (D:1)
  2 hobgoblins (D:1)
  A kobold (D:1)
  A frilled lizard (D:1)
7 creatures vanquished.

Notes
Turn   | Place    | Note
-------+----------+-------------------------------------------
     0 | D:1      | Goblin1989 the Demonspawn Monk began the quest for the Orb.
     0 | D:1      | Reached XP level 1. HP: 18/18 MP: 1/1
   395 | D:1      | Gained mutation: You sometimes gain a little power by taking damage. [demonic ancestry]
   395 | D:1      | Reached XP level 2. HP: 15/24 MP: 2/2
   402 | D:1      | HP: 1/24 [hobgoblin (4)]
   409 | D:1      | HP: 1/24 [hobgoblin (1)]
   410 | D:1      | Slain by a hobgoblin

Vault maps used:
D:1:      matt_arrival_spirals

Skill      XL: |  1 |
---------------+----+-----
Maces & Flails | 3 |  3.3
Fighting       | |  3.0
Dodging        | |  2.6
Stealth        | |  1.7

Action                   || total
-------------------------++-------
Melee: Mace              ||    27
Armor: Robe              ||     5
Dodge: Dodged            ||    16

Vault maps used:
D:1:      matt_arrival_spirals
